[Event "*** Titled Tuesday Blitz"]
[Site "Chess.com"]
[Date "2020.03.03"]
[Round "8"]
[White "amiralfio"]
[Black "INLOVEWITHF"]
[Result "1-0"]
[WhiteElo "2613"]
[BlackElo "2426"]
[TimeControl "180+1"]
[EndTime "14:34:58 PST"]
[Termination "amiralfio won by resignation"]

1. e4 e5 2. Nf3 Nc6 3. Bc4 Nf6 4.
d3 h6 5. Nc3 d6 6. a3 g6 7. h3 Bg7 8. Be3 Ne7 9. Qd2 c6 10. Ba2 Be6 11. O-O-O Bxa2 12. Nxa2 d5 13. Nxe5 Nxe4 14. Nxf7 Nxd2 15. Nxd8 Nb3+ 16. cxb3 Rxd8 17.
Rhe1 Kf7 18. Bxa7 Nf5 19. Nc3 Nd4 20. b4 Rhe8 21. Bb6 Rxe1 22. Rxe1 Rd7 23. Kd2 Ne6 24. g3 Ng5 25. Rh1 Nf3+ 26. Ke2 Nd4+ 27. Bxd4 Bxd4 28. Re1 Re7+ 29. Kf1 Rd7 30. Kg2 b5 31. h4 h5 32. Re2 Rd8 33. Nd1 Kf6 34. Ne3 Bb6 35. Nc2 Rg8 36. Ne1 g5 37. hxg5+ Rxg5 38.
Nf3 Rg7 39. Re8 Rc7 40. Rh8 Re7 41. Ng1 Kg6 42. Rc8 Bd4 43. Rxc6+ Kf5 44. Rc2 1-0

[Event "*** Titled Tuesday Blitz"]
[Site "Chess.com"]
[Date "2020.03.03"]
[Round "8"]
[White "black_pawn_16"]
[Black "Darhild"]
[Result "1-0"]
[WhiteElo "2253"]
[BlackElo "2676"]
[TimeControl "180+1"]
[EndTime "14:35:00 PST"]
[Termination "black_pawn_16 won on time"]

1. e4 c5 2. Nc3 d6 3. f4 Nc6 4. Nf3 g6 5. Bc4 Bg7 6. O-O e6 7. d3 Nge7 8. Qe1 O-O 9. f5 gxf5 10. Qh4 Ng6 11. Qxd8 Rxd8 12. exf5 exf5 13. Bg5 Rf8 14. Nb5 h6 15. Bd2 Rd8 16. Rae1 Rb8 17. Bb3 Nce5 18. Nxa7 Be6 19. Nb5 c4 20. dxc4 Bxc4 21.
Bxc4 Nxc4 22. Bc3 d5 23. Bxg7 Kxg7 24. b3 Nd6 25. Nxd6 Rxd6 26. Nd4 Rf6 27. Nxf5+ Kh7 28. Nd4 Rxf1+ 29. Kxf1 Rc8 30. a4 Rc3 31. g3 h5 32. Ke2 h4 33. Kd2 Rc7 34. Re8 hxg3 35. hxg3 Kg7 36. Rd8 Ne7 37. Nb5 Rc6 38. Rd7 Nf5 39. g4 Nh6 40. g5 Nf5 41. Rxd5 Ne7 42. Re5 Ng6 43. Re2 Rc5 44. Rg2 Nf4 45. Rg4 Ne6 46.
b4 Rd5+ 47. Kc1 1-0

[Event "*** Titled Tuesday Blitz"]
[Site "Chess.com"]
[Date "2020.03.03"]
[Round "8"]
[White "cottage_cheese"]
[Black "HashtagChess"]
[Result "1-0"]
[WhiteElo "2340"]
[BlackElo "1619"]
[TimeControl "180+1"]
[EndTime "14:35:00 PST"]
[Termination "cottage_cheese won by resignation"]

1. e4 e6 2. d4 d5 3. Nd2 Nf6 4. e5 Nfd7 5. Bd3 c5 6. c3 Nc6 7.
Ne2 cxd4 8. cxd4 f6 9. exf6 Nxf6 10. Nf3 Bd6 11. O-O O-O 12. Bf4 Bxf4 13. Nxf4 Ne4 14.
Qc1 Qf6 15. Ne2 e5 16. dxe5 Nxe5 17. Nxe5 Qxe5 18. Qe3 Qxb2 19. Bxe4 dxe4 20. Qxe4 Bf5 21. Qd5+ Kh8 22. Ng3 Bg6 23. Rad1 Qf6 24. Qxb7 Rab8 25. Qxa7 Rb2 26. a4 Bc2 27. Rd2 Rb1 28. Rxc2 Rxf1+ 29. Nxf1 Rf7 30. Rc8+ Rf8 31. Rxf8+ Qxf8 32. Qd4 h6 33. h3 Qa8 34. Qb4 Qa7 35. a5 Kh7 36.
Qb6 Qa8 37. a6 Qf8 38. a7 Qa3 39. Qb7 Qd3 40. a8=Q 1-0

[Event "*** Titled Tuesday Blitz"]
[Site "Chess.com"]
[Date "2020.03.03"]
[Round "8"]
[White "RaphCamora"]
[Black "TST2014"]
[Result "0-1"]
[WhiteElo "2432"]
[BlackElo "2582"]
[TimeControl "180+1"]
[EndTime "14:35:03 PST"]
[Termination "TST2014 won by resignation"]

1. e4 c5 2. Nf3 Nc6 3. d4 cxd4 4. Nxd4 Nf6 5. Nc3 d6 6. Bg5 e6 7. Qd2 a6 8. O-O-O Bd7 9. f4 h6 10. Bh4 g5 11. fxg5 Ng4 12. Bg3 hxg5 13. Nxc6 Bxc6 14. Be2 Ne5 15. Qe3 Qc7 16. Kb1 Be7 17. h3 O-O-O 18. Rhf1 f6 19. Bxe5 dxe5 20. Bg4 Bd7 21. Rd3 Bc5 22.
Qf3 Rhf8 23. Rfd1 Kb8 24. Ne2 f5 25. Bh5 Bc6 26. Ng3 Rd4 27. Rxd4 exd4 28. Qd3 Bd6 29.
exf5 Bxg3 30. fxe6 Be5 31. Qa3 Bd6 32. Qd3 Rf4 33. g3 Be4 34. Qd2 Rf6 35. Bg4 Bxg3 36. Rc1 Bf4 37. Qxd4 Bxc1 38. Qxe4 Rf1 39. a3 Qb6 40.
Qb4 Bd2+ 0-1

[Event "*** Titled Tuesday Blitz"]
[Site "Chess.com"]
[Date "2020.03.03"]
[Round "8"]
[White "superstructure"]
[Black "MikaelyanArman"]
[Result "0-1"]
[WhiteElo "2436"]
[BlackElo "2620"]
[TimeControl "180+1"]
[EndTime "14:35:09 PST"]
[Termination "MikaelyanArman won by resignation"]

1. Nf3 g6 2. e4 Bg7 3. d4 d6 4. Bc4 Nf6 5. Qe2 O-O 6. O-O Bg4 7. c3 Nc6 8. Nbd2 e5 9. h3 Bxf3 10. Nxf3 exd4 11. cxd4 d5 12. exd5 Nxd5 13. Rd1 Re8 14. Qc2 Nb6 15. Bb3 Na5 16. Bg5 Qd6 17. Rac1 Nxb3 18.
Qxb3 c6 19. a4 Rab8 20. a5 Nd5 21. Qc4 Re6 22. Bd2 Rbe8 23. b4 a6 24. Bg5 Re2 25.
Qc5 R8e6 26. Bh4 Bf8 27. Bg3 Qd7 28. Qa7 Nxb4 29. Ne5 Qe7 30. Rb1 h5 31. Nd3 Nxd3 32.
Rxd3 Re1+ 33. Rxe1 Rxe1+ 34. Kh2 h4 35. Be5 f6 36. Bf4 g5 37. Re3 Rxe3 38. Bxe3 Qc7+ 39. Kg1 Kf7 40. Qa8 Qd7 41. Qb8 Kg7 42. Qa8 Bd6 43. Qa7 Bf4 44. Qb8 Bxb8 0-1

[Event "*** Titled Tuesday Blitz"]
[Site "Chess.com"]
[Date "2020.03.03"]
[Round "8"]
[White "vugarrasulov"]
[Black "vladislavkovalev"]
[Result "0-1"]
[WhiteElo "2902"]
[BlackElo "2945"]
[TimeControl "180+1"]
[EndTime "14:35:12 PST"]
[Termination "vladislavkovalev won on time"]

1. Nf3 Nf6 2. b3 e6 3. Bb2 d5 4.
e3 Be7 5. d4 O-O 6. Bd3 b6 7.
O-O Bb7 8. Nbd2 c5 9. Ne5 Nc6 10.
a3 Rc8 11. Qf3 cxd4 12. exd4 Nxe5 13. dxe5 Ne4 14. Nxe4 dxe4 15. Bxe4 Rxc2 16. Bxb7 Rxb2 17. Be4 Qd4 18. Qf4 Qd2 19. Qf3 Qd4 20. Qf4 Rd8 21. b4 g6 22. g3 a5 23. bxa5 bxa5 24. Rac1 Bc5 25. Qf6 Rdb8 26. Bg2 Rd2 27. h4 Rbb2 28.
Kh1 Rxf2 29. Rxf2 Rxf2 30. Qg5 Qe3 31. Qxe3 Bxe3 32. Rc8+ Kg7 33. Ra8 Bd2 34. Rd8 Bc3 35. Ra8 Ra2 36. Kh2 Rxa3 37. Bf3 Bxe5 38. Kg2 h5 0-1

[Event "*** Titled Tuesday Blitz"]
[Site "Chess.com"]
[Date "2020.03.03"]
[Round "8"]
[White "Godzillator"]
[Black "Vegan4future"]
[Result "1/2-1/2"]
[WhiteElo "2416"]
[BlackElo "2529"]
[TimeControl "180+1"]
[EndTime "14:35:12 PST"]
[Termination "Game drawn by repetition"]

1. d4 Nf6 2. c4 g6 3. Nc3 Bg7 4. e4 d6 5. Be2 O-O 6. Bg5 c5 7. d5 e6 8. Qd2 exd5 9. exd5 Qb6 10. Nf3 Bf5 11. O-O Ne4 12. Nxe4 Bxe4 13. Rae1 Qxb2 14. Be7 Qb6 15. Bxf8 Bxf8 16. Bd3 Bxf3 17. gxf3 Nd7 18. f4 Bg7 19. Re2 Rf8 20. Rfe1 Qd8 21. Qe3 Bf6 22. Qh3 Nb6 23. f5 Kg7 24. Kh1 Na4 25. Bc2 Nc3 26.
Re3 Nxa2 27. Rg3 Nb4 28. Bb1 Re8 29. Reg1 g5 30. Qh5 h6 31. h4 Rh8 32. Kg2 Qe7 33.
Re3 Qd8 34. Rh1 b5 35. hxg5 hxg5 36. Qxh8+ Qxh8 37. Rxh8 Kxh8 38. cxb5 Nxd5 39. Re8+ Kg7 40. Ra8 Nc3 41. Bd3 Bd4 42. f3 d5 43. Rd8 c4 44.
Bxc4 dxc4 45. Rxd4 Nxb5 46. Rxc4 Nd6 47. Rc5 Kf6 48.
Ra5 Nxf5 49. Rxa7 Nd4 50. Kg3 Kg6 51. Ra6+ Ne6 52. Kf2 Kf5 53. Ke3 Ke5 54. Ra5+ Kf6 55. Ke4 Kg6 56. Ke5 Kg7 57. Ra6 Kg6 58. Rxe6+ fxe6 59. Kxe6 Kh5 60. Kf6 Kh6 61. Kf5 Kh5 62. Kf6 Kh6 63.
Kf5 Kh5 64. Kf6 1/2-1/2

[Event "*** Titled Tuesday Blitz"]
[Site "Chess.com"]
[Date "2020.03.03"]
[Round "8"]
[White "HouseOfDurin"]
[Black "kinga2008"]
[Result "1-0"]
[WhiteElo "2075"]
[BlackElo "1938"]
[TimeControl "180+1"]
[EndTime "14:35:12 PST"]
[Termination "HouseOfDurin won on time"]

1. d4 Nf6 2. Bg5 Ne4 3. h4 h6 4. Bf4 e5 5. Bxe5 d6 6. Bf4 Qf6 7. e3 Rg8 8. f3 g5 9. hxg5 hxg5 10. fxe4 gxf4 11. Qf3 Bh6 12. Ne2 Bg4 13. Rxh6 Qxh6 14.
Qxf4 Qh4+ 15. g3 Qh2 16. Nbc3 Na6 17. O-O-O O-O-O 18. a3 Rde8 19. Rd2 Qh1 20. Nd5 Rxe4 21. Qxf7 Rge8 22. Nec3 Bh5 23. Qf5+ Kb8 24. Nxe4 Rxe4 25. g4 Bxg4 26. Qf8+ Bc8 27. Rd1 Qh4 28. Bxa6 bxa6 29. Qg7 Qd8 30. Rf1 Kb7 31. Rf7 Kc6 32. Nxc7 Rxe3 33.
Qg2+ 1-0

[Event "*** Titled Tuesday Blitz"]
[Site "Chess.com"]
[Date "2020.03.03"]
[Round "8"]
[White "HomayoonTofighi"]
[Black "platy3"]
[Result "1/2-1/2"]
[WhiteElo "2647"]
[BlackElo "2865"]
[TimeControl "180+1"]
[EndTime "14:35:13 PST"]
[Termination "Game drawn - insufficient material"]

1. e4 e5 2. Nf3 Nc6 3. Bc4 Bc5 4.
c3 Nf6 5. d4 exd4 6. cxd4 Bb4+ 7. Nc3 Nxe4 8. O-O Bxc3 9. d5 O-O 10. bxc3 Ne7 11. Re1 Nf6 12. d6 Nf5 13. Bf4 Nxd6 14.
Bxd6 cxd6 15. Qxd6 Qb6 16. Rad1 Qxd6 17. Rxd6 Re8 18.
Ne5 Re7 19. f4 Kf8 20. Red1 h5 21. R1d4 b6 22. a4 Bb7 23. Bxf7 Rxf7 24. Nxf7 Kxf7 25. Rxd7+ Nxd7 26. Rxd7+ Kf6 27. Rxb7 Rc8 28. Rxa7 Rxc3 29. Ra6 Kf5 30. Rxb6 Kxf4 31. Rb4+ Kg5 32. Rb5+ Kg4 33. a5 Rc1+ 34. Kf2 Rc2+ 35. Ke3 Rxg2 36. Rb4+ Kh3 37.
Ra4 Rb2 38. a6 Rb8 39. a7 Ra8 40. Kf4 Kxh2 41. Kg5 Kg3 42. Kxh5 Kf3 43. Kg6 Ke3 44. Kxg7 Kd3 45. Kf7 Kc3 46. Ke7 Kb3 47. Ra6 Kb4 48. Kd7 Kb5 49. Ra1 Kb6 50. Kd6 Rxa7 51. Rb1+ Ka5 52. Ra1+ Kb6 53. Rxa7 Kxa7 1/2-1/2

[Event "*** Titled Tuesday Blitz"]
[Site "Chess.com"]
[Date "2020.03.03"]
[Round "8"]
[White "Witaliss"]
[Black "vladimirdamjanovic"]
[Result "1/2-1/2"]
[WhiteElo "2462"]
[BlackElo "2633"]
[TimeControl "180+1"]
[EndTime "14:35:14 PST"]
[Termination "Game drawn by repetition"]

1. d4 Nf6 2. Nf3 c5 3. d5 d6 4. c4 b5 5. cxb5 a6 6. b6 Nbd7 7. Nc3 g6 8. e4 Bg7 9. Be2 O-O 10.
O-O Nxb6 11. Bg5 a5 12. Qc2 Ba6 13. Rfe1 Bxe2 14. Rxe2 Nfd7 15. Qd2 Nc4 16. Qd3 Nde5 17. Nxe5 Nxe5 18. Qh3 Rb8 19. Bh6 Qc8 20. Qxc8 Rfxc8 21. Bxg7 Kxg7 22. Rd1 c4 23. Rdd2 Nd3 24. g3 Rb4 25. Rc2 Rcb8 26. Nd1 a4 27. a3 Rb3 28. Rxc4 Nc5 29. Nc3 Rxb2 30. Rxb2 Rxb2 31. Nxa4 Rb1+ 32. Kg2 Nd3 33. Rc3 Ne5 34. h3 Ra1 35. Nb6 Ra2 36. Kf1 f5 37. exf5 gxf5 38. f4 Ng6 39. a4 h5 40. h4 Nh8 41. Re3 Kf6 42. Re2 Ra3 43. Kf2 Kf7 44. Re3 Ra2+ 45. Kf3 Ra1 46. Rc3 Kf6 47.
Rc7 Nf7 48. Nc8 Ra3+ 49. Kg2 Ra2+ 50. Kf3 Nh6 51. Nxe7 Ng4 52. Ng8+ Kg6 53. Ne7+ Kf6 54. Ng8+ Kg6 55. Ne7+ Kf6 1/2-1/2

[Event "*** Titled Tuesday Blitz"]
[Site "Chess.com"]
[Date "2020.03.03"]
[Round "8"]
[White "TheBigBadChessDad"]
[Black "Galiev_Azat"]
[Result "0-1"]
[WhiteElo "2293"]
[BlackElo "2282"]
[TimeControl "180+1"]
[EndTime "14:35:14 PST"]
[Termination "Galiev_Azat won on time"]

1. d4 Nf6 2. Nf3 e6 3. Bf4 c5 4. e3 Qb6 5. Na3 Nd5 6. Nc4 Qb4+ 7. c3 Nxc3 8. bxc3 Qxc3+ 9. Ncd2 Nc6 10. Rc1 Qa5 11. dxc5 Bxc5 12. Bd3 Nb4 13. Bb1 Nd5 14. O-O Nxf4 15. Nb3 Qb6 16. exf4 Be7 17. Qd4 Qxd4 18.
Nbxd4 O-O 19. Rfd1 a6 20. a4 d5 21. a5 Bd6 22. g3 Bd7 23. Bd3 Ba4 24. Rd2 Rfc8 25. Rxc8+ Rxc8 26. Rb2 Rc7 27. Kg2 g6 28. Ne5 Bc5 29.
Nef3 Kg7 30. g4 Bd7 31. g5 Bd6 32. Ne5 Bc5 33. Ndf3 f6 34. gxf6+ Kxf6 35. Nxd7+ Rxd7 36. Ne5 Rc7 37. Rc2 Bd6 38. Rxc7 Bxc7 39. Nd7+ Ke7 40. Nc5 Bxa5 41. Nxb7 Bc7 42. Bxa6 Bxf4 43. Nc5 Kd6 44. Nd3 Bd2 45. h3 e5 0-1

[Event "*** Titled Tuesday Blitz"]
[Site "Chess.com"]
[Date "2020.03.03"]
[Round "8"]
[White "newauto"]
[Black "PursuitOfHappyness2"]
[Result "1-0"]
[WhiteElo "2037"]
[BlackElo "2407"]
[TimeControl "180+1"]
[EndTime "14:35:15 PST"]
[Termination "newauto won by resignation"]

1. e4 c5 2. Nf3 Nc6 3. Bb5 e6 4.
O-O Nge7 5. e5 a6 6. Be2 d6 7.
exd6 Qxd6 8. Re1 g6 9. c3 Bg7 10. d3 O-O 11. Nbd2 b6 12. Nc4 Qc7 13. Bg5 Bb7 14. Qc2 Nd5 15. Bf1 h6 16. Bh4 Nde7 17.
Bg3 Qd8 18. Nd6 Bc8 19. Rad1 Nf5 20. Nxf5 exf5 21. Ne5 Bb7 22. Qb3 g5 23. Nxc6 Bxc6 24. Be5 Bd5 25. c4 Bxe5 26. Rxe5 Be6 27. g3 Qd4 28. Re2 b5 29. Bg2 Rad8 30. Qc2 bxc4 31. Red2 f4 32. dxc4 Qxc4 33. Qxc4 Rxd2 34. Qf1 Rxb2 35.
Qxa6 Rxa2 36. Qc6 fxg3 37. hxg3 Rb8 38. Bd5 Bxd5 39. Rxd5 Rb1+ 40. Kg2 Rbb2 41. Rf5 Ra7 42. Qxh6 1-0

[Event "*** Titled Tuesday Blitz"]
[Site "Chess.com"]
[Date "2020.03.03"]
[Round "8"]
[White "AlleyOoper"]
[Black "sergiochess83"]
[Result "0-1"]
[WhiteElo "2636"]
[BlackElo "2917"]
[TimeControl "180+1"]
[EndTime "14:35:21 PST"]
[Termination "sergiochess83 won by resignation"]

1. d4 Nf6 2. Bf4 c5 3. e3 Nd5 4. Bg3 Qb6 5. Nc3 Nxc3 6. bxc3 d6 7. Nf3 g6 8. Be2 Bg7 9. O-O O-O 10.
Nd2 Nd7 11. Nc4 Qc7 12. a4 b6 13. Qd2 Bb7 14. Rfb1 Bd5 15. Na3 Rfc8 16. Ba6 Bb7 17. Nb5 Qb8 18. Bxb7 Qxb7 19. d5 Nf6 20. Rd1 a6 21.
Na3 Ne4 22. Qd3 Nxc3 23. Re1 Qxd5 24. Nc4 Qxd3 25. cxd3 b5 26. Nb6 Nxa4 27. Nxc8 Rxc8 28. Ra2 d5 29. Rc1 c4 30. d4 f6 31. f4 Kf7 32. Be1 e5 33. Bb4 exd4 34. exd4 f5 35. Rd1 Re8 36. Rad2 Re4 37. g3 c3 38. Rd3 Nb2 39.
Bxc3 Nxd3 40. Rxd3 Ke6 41. Kf2 Kd7 42. Rd2 Kc6 43.
Ra2 Kb7 44. Rd2 Kb6 45. Kf3 a5 46. g4 b4 47. Bb2 a4 48. gxf5 gxf5 49. Rg2 Bxd4 50.
Bxd4+ Rxd4 51. Rg5 b3 52. Rxf5 b2 0-1

[Event "*** Titled Tuesday Blitz"]
[Site "Chess.com"]
[Date "2020.03.03"]
[Round "8"]
[White "hansen"]
[Black "VladimirBelous"]
[Result "0-1"]
[WhiteElo "2914"]
[BlackElo "2821"]
[TimeControl "180+1"]
[EndTime "14:35:22 PST"]
[Termination "VladimirBelous won by resignation"]

1. e4 c5 2. Nf3 Nc6 3. Bb5 g6 4.
Bxc6 dxc6 5. h3 Bg7 6. O-O b6 7.
d3 Nh6 8. Re1 O-O 9. a4 a5 10.
Nbd2 Ba6 11. Nf1 e5 12. Bg5 f6 13. Bd2 Nf7 14. Ne3 Qd7 15. b3 Nd8 16. Nc4 Rb8 17. Bc3 Ne6 18. Rf1 Bh6 19. Kh1 Qc7 20. Ng1 Rbd8 21. Ne2 Nd4 22. Nxd4 cxd4 23. Bd2 Bg7 24. f4 Bxc4 25. bxc4 f5 26. exf5 Rxf5 27. fxe5 Rxf1+ 28. Qxf1 Rf8 29. Qe2 Qxe5 30. Qxe5 Bxe5 31. Kg1 Bg3 32. Be1 Bf4 33. Bf2 Bh2+ 34. Kxh2 Rxf2 35. Ra2 Kf7 36. Rb2 Ke7 37. Rxb6 Kd6 38. Rb2 g5 39.
Kg3 Rd2 40. Kf3 h5 41. Rb8 g4+ 42. hxg4 hxg4+ 43. Kxg4 Rxg2+ 44. Kf3 Rxc2 45. Ke4 Kc5 46. Ra8 Re2+ 47. Kf4 Re3 48. Rxa5+ Kb4 49. Ra6 c5 50. Rb6+ Kc3 51. a5 Kxd3 52. Rb3+ Kd2 53. Rxe3 dxe3 54. a6 e2 55. a7 e1=Q 56. a8=Q Qf2+ 57. Qf3 Qxf3+ 58.
Kxf3 Kd3 59. Kf2 Kxc4 60. Ke1 Kc3 0-1

[Event "*** Titled Tuesday Blitz"]
[Site "Chess.com"]
[Date "2020.03.03"]
[Round "8"]
[White "ElGasanov"]
[Black "Fy_Rakotomaharo"]
[Result "1-0"]
[WhiteElo "2720"]
[BlackElo "2571"]
[TimeControl "180+1"]
[EndTime "14:35:22 PST"]
[Termination "ElGasanov won by resignation"]

1. d3 d5 2. g3 g6 3. Bg2 Bg7 4. f4 Nc6 5. Nc3 d4 6. Ne4 Nf6 7. Nf2 Nd5 8. Nf3 O-O 9. O-O a5 10. Rb1 a4 11. a3 Re8 12. c4 dxc3 13. e4 cxb2 14. Bd2 Nc3 15. Bxc3 Bxc3 16. Qc2 Nd4 17.
Nxd4 Bxd4 18. e5 c6 19. Kh1 Be6 20. Ne4 Ba2 21. Rxb2 Bxb2 22. Qxb2 Bb3 23. Qc3 Qa5 24. Qc1 Red8 25. f5 Qxe5 26. f6 exf6 27. Nxf6+ Kg7 28.
Ng4 Qh5 29. Qc3+ Kf8 30. Nf6 Qa5 31. Nxh7+ Kg8 32. Nf6+ Kh8 33. Qc1 Kg7 34. Ng4 Rh8 35. Qb2+ Kg8 36. Nf6+ Kf8 37. Nd5 Rh7 38. Nf6 Rh6 39. Ng4 Rh7 40. Ne5 Kg8 41. Nd7 Be6 42. Nf6+ Kh8 43. Ne8+ Kg8 44. Nf6+ Kh8 45. Nxh7+ Kxh7 46. Rf4 Bd5 47. Rh4+ 1-0

[Event "*** Titled Tuesday Blitz"]
[Site "Chess.com"]
[Date "2020.03.03"]
[Round "8"]
[White "rogapa"]
[Black "Barcelona_Guy"]
[Result "1-0"]
[WhiteElo "2741"]
[BlackElo "2602"]
[TimeControl "180+1"]
[EndTime "14:35:24 PST"]
[Termination "rogapa won on time"]

1. e4 e5 2. Nf3 Nc6 3. Bb5 a6 4. Ba4 Nf6 5. O-O Nxe4 6. d4 b5 7.
Bb3 d5 8. Nxe5 Nxe5 9. dxe5 c6 10. Nd2 Nxd2 11. Bxd2 Be7 12. c3 Bf5 13. Qf3 Qd7 14.
h3 O-O 15. Rad1 Rfe8 16. Qg3 Bf8 17. Bg5 Qe6 18. Rfe1 a5 19. a4 Rab8 20. Rd2 b4 21.
Bd1 bxc3 22. bxc3 Rb1 23. Rde2 Qg6 24. Kh2 Bc5 25. Be3 Qxg3+ 26. Kxg3 Bxe3 27. Rxe3 h6 28. Kf4 Bg6 29. g4 c5 30. Bf3 Rxe1 31. Rxe1 Rd8 32. Rd1 Bc2 33. Rd2 Bb3 34. Bd1 Rb8 35. Bxb3 Rxb3 36.
Rxd5 Rxc3 37. Rd8+ Kh7 38. Rd7 Kg6 39. h4 Rc4+ 40.
Kg3 Rxa4 41. h5+ Kh7 42. Rxf7 Re4 43. f4 a4 44. Kf3 Re1 45. Ra7 Ra1 46. e6 a3 47. f5 1-0

[Event "*** Titled Tuesday Blitz"]
[Site "Chess.com"]
[Date "2020.03.03"]
[Round "8"]
[White "reigningmvp"]
[Black "ehrenfeld"]
[Result "0-1"]
[WhiteElo "2306"]
[BlackElo "2480"]
[TimeControl "180+1"]
[EndTime "14:35:26 PST"]
[Termination "ehrenfeld won by checkmate"]

1. e4 e5 2. Nf3 Nc6 3. Bc4 Nf6 4. d3 h6 5. c3 d6 6. O-O g5 7. Nbd2 Bg7 8. Bb3 O-O 9. Nc4 Be6 10. Ne3 Qd7 11.
h4 g4 12. Nh2 h5 13. g3 d5 14. f3 d4 15. Bxe6 fxe6 16. Nc4 b5 17. Na3 dxc3 18. bxc3 b4 19. Nc4 bxc3 20. fxg4 Nxg4 21. Nxg4 Rxf1+ 22. Kxf1 hxg4 23. Ba3 Rd8 24. Qxg4 Qxd3+ 25. Qe2 Qxg3 26. Qe3 Qxh4 27. Qxc3 Rd7 28. Ne3 Rf7+ 29. Ke2 Qxe4 30.
Rf1 Nd4+ 31. Kd2 Rxf1 32. Nxf1 Qe2+ 33. Kc1 Qxf1+ 34. Kb2 Qe2+ 35. Kb1 e4 36. Bc5 Qd3+ 37. Qxd3 exd3 38. Kc1 e5 39. Kd2 e4 40. Ke3 Bh6+ 41. Kxd4 d2 42. Kxe4 d1=Q 43. Ke5 Qe2+ 44. Kd5 Qxa2+ 45.
Kc6 Qc4 46. Kxc7 Qxc5+ 47. Kb7 Qd6 48. Kxa7 Be3+ 49. Kb7 Bc5 50. Kc8 Qe7 51. Kb8 Bb6 52.
Ka8 Qa7# 0-1

[Event "*** Titled Tuesday Blitz"]
[Site "Chess.com"]
[Date "2020.03.03"]
[Round "8"]
[White "Mikasinski"]
[Black "MaxLeto"]
[Result "1-0"]
[WhiteElo "2280"]
[BlackElo "2387"]
[TimeControl "180+1"]
[EndTime "14:35:26 PST"]
[Termination "Mikasinski won by resignation"]

1. e4 c5 2. Nf3 d6 3. d4 cxd4 4.
Nxd4 Nf6 5. Nc3 a6 6. Be2 e6 7.
g4 Be7 8. g5 Nfd7 9. h4 b5 10.
a3 Bb7 11. Rg1 Nc6 12. Nxc6 Bxc6 13. Be3 Qc7 14. Qd2 Qb7 15. f3 a5 16. Bd4 O-O 17.
Kf2 b4 18. axb4 axb4 19. Na2 e5 20. Be3 d5 21. exd5 Bxd5 22. c4 Bc6 23. b3 Nc5 24. Qb2 Ra3 25. Nc1 Re8 26. Qxe5 Bf6 27. Qxc5 Bxa1 28.
Nd3 Bc3 29. Rb1 Ra2 30. Nc1 Rc2 31. Qf5 Rb2 32. Rxb2 Bxb2 33. Nd3 Bc3 34. h5 Qe7 35.
Qf4 g6 36. h6 Bd2 37. Bxd2 Qxe2+ 38. Kg3 Qe7 39. Bxb4 Qd7 40. Qf6 Qc7+ 41. Bd6 Qxd6+ 1-0

[Event "*** Titled Tuesday Blitz"]
[Site "Chess.com"]
[Date "2020.03.03"]
[Round "8"]
[White "tigra"]
[Black "Sebastian"]
[Result "0-1"]
[WhiteElo "2820"]
[BlackElo "3015"]
[TimeControl "180+1"]
[EndTime "14:35:30 PST"]
[Termination "Sebastian won by resignation"]

1. e4 c5 2. f3 Nc6 3. c3 d5 4.
Bb5 e5 5. Qa4 Nf6 6. exd5 Qxd5 7.
Na3 Be7 8. Nc4 O-O 9. Nb6 axb6 10. Qxa8 c4 11. Qa4 Be6 12. b3 cxb3 13. Qxb3 Qc5 14. Qb1 e4 15. fxe4 Nxe4 16. Qxe4 Qxb5 17. Nf3 Bf5 18. a4 Qc5 19. Qe3 Qc4 20. Kf2 Bf6 21.
Ba3 Rd8 22. Rhe1 h6 23. Qxb6 g5 24. Qc5 Qf4 25. g3 Qg4 26. h3 Qxh3 27. Rh1 Qg4 28. Rxh6 Bg7 29. Rd6 Rxd6 30. Qxd6 Be4 31. Nh2 Qf5+ 32.
Ke3 Ne5 33. Qd8+ Kh7 34. Rf1 Nc4+ 35. Ke2 Qh3 36. Nf3 Qg2+ 37. Ke1 f6 38. Qd7 Qxg3+ 39. Ke2 Bxf3+ 40. Rxf3 Qxf3+ 41. Kxf3 Ne5+ 42. Ke4 Nxd7 43. Kf5 Kg8 44. Ke6 Nf8+ 45. Kf5 Kf7 46. d4 Ng6 47. d5 Ne7+ 48. Ke4 f5+ 49. Kd3 Nxd5 0-1

[Event "*** Titled Tuesday Blitz"]
[Site "Chess.com"]
[Date "2020.03.03"]
[Round "8"]
[White "Shahinyan_ChessMood"]
[Black "Gordima"]
[Result "0-1"]
[WhiteElo "2619"]
[BlackElo "2789"]
[TimeControl "180+1"]
[EndTime "14:35:30 PST"]
[Termination "Gordima won by resignation"]

1. e4 e5 2. Nf3 Nc6 3. d4 exd4 4. Nxd4 Bc5 5. Nb3 Bb6 6. Nc3 d6 7. Qe2 Nf6 8. Be3 O-O 9. O-O-O Be6 10. f3 Nd7 11. g4 a5 12. Nd4 Nxd4 13. Bxd4 Qg5+ 14. Kb1 a4 15. a3 Bxd4 16. Rxd4 Nc5 17. h4 Qf4 18. Bg2 Rfe8 19. Qd2 Qxd2 20. Rxd2 Bd7 21. Rf1 Bc6 22. Ne2 Bb5 23. Rf2 Bxe2 24. Rdxe2 f6 25. f4 Re7 26. Re3 Rae8 27. Rfe2 c6 28. Kc1 d5 29. e5 fxe5 30. fxe5 Nd7 31. e6 Nc5 32. g5 Rxe6 33. Rxe6 Rxe6 34. Rxe6 Nxe6 35.
Kd2 Kf8 36. Kc3 Nc5 37. Kb4 b6 38. Bh3 Ke7 39. Bf5 h6 40. b3 axb3 41. cxb3 Kd6 42.
a4 Na6+ 43. Kc3 c5 44. Bc8 Nb4 45. gxh6 gxh6 46. h5 Nc6 47. Bg4 Ne5 48. Bd1 d4+ 49. Kc2 Kd5 50. Be2 Ke4 51. Bc4 Nxc4 52. bxc4 Ke3 0-1

[Event "*** Titled Tuesday Blitz"]
[Site "Chess.com"]
[Date "2020.03.03"]
[Round "8"]
[White "DACF2905"]
[Black "kismet6"]
[Result "0-1"]
[WhiteElo "2173"]
[BlackElo "2004"]
[TimeControl "180+1"]
[EndTime "14:35:30 PST"]
[Termination "kismet6 won by resignation"]

1. c4 d5 2. cxd5 Nf6 3. Nc3 Nxd5 4. g3 g6 5. Bg2 Nb6 6. Nf3 Bg7 7.
O-O O-O 8. d4 Nc6 9. e3 e5 10.
dxe5 Nxe5 11. Nxe5 Bxe5 12. Qc2 c6 13. b3 Qf6 14. Bb2 Bf5 15. e4 Be6 16. f4 Bd4+ 17.
Kh1 Rad8 18. e5 Qe7 19. Rad1 Bf5 20. Be4 Bxe4+ 21. Nxe4 Bxb2 22. Nf6+ Kg7 23. Qxb2 Nd5 24. Nxd5 Rxd5 25. Rxd5 cxd5 26. Qd4 Rd8 27. Qxa7 d4 28. Qa5 d3 29. Qd2 Qc5 30. Rc1 Qd5+ 31. Kg1 Qd4+ 32.
Kg2 Qd5+ 33. Kf2 Qd4+ 34. Kf3 Qd5+ 35. Kf2 Qd4+ 36. Kf1 Qd5 37. Kg1 Qd4+ 38. Kg2 Qd5+ 39. Kh3 h5 40. Rc4 Qf3 41. Rc1 Rd4 42. Re1 g5 43. Re3 Qf1+ 44. Qg2 g4+ 45. Kh4 Qxg2 46.
Kxh5 Qh3+ 47. Kg5 d2 48. e6 Qh6+ 49. Kxg4 Qxe6+ 50. Rxe6 fxe6 0-1

[Event "*** Titled Tuesday Blitz"]
[Site "Chess.com"]
[Date "2020.03.03"]
[Round "8"]
[White "Vusatiuk_Vladimir"]
[Black "ChessicallyInclined"]
[Result "0-1"]
[WhiteElo "2365"]
[BlackElo "2494"]
[TimeControl "180+1"]
[EndTime "14:35:31 PST"]
[Termination "ChessicallyInclined won by checkmate"]

1. e4 d6 2. d4 Nf6 3. Nc3 g6 4.
Be3 c6 5. Nf3 Nbd7 6. h3 Qc7 7.
a4 Bg7 8. Bc4 O-O 9. O-O Nxe4 10. Bxf7+ Rxf7 11. Nxe4 h6 12. Nh4 Nf8 13. f4 Be6 14.
Qd3 Qd7 15. g4 b6 16. a5 Re8 17. axb6 axb6 18. Kh2 b5 19. b3 Bd5 20. Ng3 e5 21.
dxe5 dxe5 22. Ra7 Qd8 23. Rxf7 Bxf7 24. Qxd8 Rxd8 25. fxe5 Re8 26. Nf3 Bd5 27. Bf4 g5 28.
Bd2 Bxe5 29. Nxe5 Rxe5 30. Bc3 Re3 31. Bd4 Re6 32. Nf5 Re2+ 33. Kg1 Rg2+ 34. Kh1 Rxg4+ 35.
Kh2 Rg2+ 36. Kh1 Rxc2+ 37. Kg1 Rg2+ 38. Kh1 Rf2+ 39. Kg1 Rxf1+ 40. Kxf1 Ne6 41. Be3 Bxb3 42. Ne7+ Kf7 43. Nxc6 Bc4+ 44. Kf2 Kf6 45. Bd4+ Kf5 46. Kf3 Nxd4+ 47. Ke3 Nxc6 48. Kd2 b4 49. Kc2 Ke4 50. Kb2 Kd4 51. Kc2 b3+ 52. Kb2 Kd3 53. Kc1 Kc3 54. Kb1 Bd3+ 55. Kc1 b2+ 56. Kd1 b1=Q# 0-1

[Event "*** Titled Tuesday Blitz"]
[Site "Chess.com"]
[Date "2020.03.03"]
[Round "8"]
[White "VerdeNotte"]
[Black "riconaipe"]
[Result "1-0"]
[WhiteElo "2752"]
[BlackElo "2551"]
[TimeControl "180+1"]
[EndTime "14:35:37 PST"]
[Termination "VerdeNotte won by resignation"]

1. Nf3 Nf6 2. c4 c5 3. Nc3 Nc6 4. d4 cxd4 5. Nxd4 g6 6. e4 Bg7 7. Nxc6 dxc6 8. Qxd8+ Kxd8 9. Bf4 Nd7 10. O-O-O e5 11.
Be3 Kc7 12. c5 Nf8 13. b4 Ne6 14. Bc4 Rf8 15. b5 Nd4 16. a4 Be6 17. Bxe6 fxe6 18. f3 Rad8 19. Kb2 Rd7 20. Rd2 Rfd8 21. Rhd1 b6 22.
bxc6 Kxc6 23. cxb6 axb6 24. Nb5 Bf8 25. Bxd4 exd4 26.
e5 Bc5 27. Kb3 Rd5 28. f4 g5 29. g3 h5 30. Kc4 Ra8 31. Ra2 h4 32. Nxd4+ Bxd4 33. Rxd4 hxg3 34. hxg3 gxf4 35. gxf4 Rf8 36. Rc2 Rc5+ 37. Kd3 Rxc2 38. Kxc2 Kc5 39. Kd3 Rh8 40.
Rd6 Rh6 41. Ke4 Rg6 42. Ke3 Rh6 43. Kf3 Rg6 44. Kf2 Rh6 45. Kg3 Rg6+ 46. Kh4 Rg1 47. Rxe6 Ra1 48. Kg5 Rxa4 49. Rd6 b5 50. Rd8 b4 51. e6 Ra7 52. Kf6 b3 53. e7 Ra6+ 54.
Kf7 b2 55. e8=Q b1=Q 56. Qe5+ Kc4 57. Qd4+ Kb3 58. Rb8+ Ka2 59. Qc4+ Ka1 60. Rxb1+ Kxb1 61. Qxa6 Kb2 1-0